 Dungeon Crawl Stone Soup version 0.18-a0-1805-g8ab820f (webtiles) character file.

8 M4edhros the Grave Robber (level 2, 0/17 HPs)
             Began as an Octopode Necromancer on Apr 25, 2016.
             Slain by a ball python (1 damage)
             ... on level 1 of the Dungeon.
             The game lasted 00:02:04 (248 turns).

M4edhros the Grave Robber (Octopode Necromancer)     Turns: 248, Time: 00:02:04

Health: 0/17       AC:  1    Str:  7    XL:     2   Next: 8%
Magic:  0/5        EV:  9    Int: 17    God:
Gold:   11         SH:  0    Dex: 12    Spells: 1 memorised, 4 levels left

rFire  . . .     SeeInvis .       - Unarmed
rCold  . . .     Gourm    .     (no shield)
rNeg   . . .     Faith    .     (helmet restricted)
rPois  .         Spirit   .     (no amulet)
rElec  .         Dismiss  .     (no ring)
rCorr  .         Reflect  .     (no ring)
SustAt .         Harm     .     (no ring)
MR     .....                    (no ring)
Stlth  +++.......               (no ring)
                                (no ring)
                                (no ring)
                                (no ring)

@: very slightly contaminated, constricted, not resistant to hostile
enchantments, fairly stealthy
A: almost no armour, amphibious, 8 rings, constrict 8, camouflage 1, gelatinous
body 1
a: no special abilities


You were on level 1 of the Dungeon.
You were not hungry.

You visited 1 branch of the dungeon, and saw 3 of its levels.

You collected 11 gold pieces.

Inventory:

Missiles
 i - 24 sling bullets
Scrolls
 e - a scroll of immolation {unknown}
 h - 3 scrolls of identify {unknown}
Potions
 f - a potion of brilliance {unknown}
Books
 a - a book of Necromancy

   Spells                             Type                      Level
   a - Pain                           Necromancy                   1
   b - Animate Skeleton               Necromancy                   1
   c - Vampiric Draining              Necromancy                   3
   d - Regeneration                   Charms/Necromancy            3
   e - Animate Dead                   Necromancy                   4
   f - Control Undead                 Necromancy                   4
Comestibles
 b - 2 bread rations
 c - a beef jerky
 d - a meat ration
 g - a royal jelly


   Skills:
 - Level 2.0 Dodging
 - Level 2.6 Stealth
 + Level 1.6 Unarmed Combat
 - Level 2.0 Spellcasting
 - Level 4.0 Necromancy


You had 4 spell levels left.
You knew the following spells:

 Your Spells              Type           Power        Failure   Level  Hunger
a - Pain                  Necr           ###.         3%          1    #......


Dungeon Overview and Level Annotations

Branches:
Dungeon (3/15)

Altars:


Innate Abilities, Weirdness & Mutations

You cannot wear most types of armour.
You are amphibious.
You can wear up to eight rings at the same time.
You can use your tentacles to constrict eight enemies at once.
Your skin changes colour to match your surroundings (Stealth).
Your rubbery body absorbs attacks (AC +1).


Message History

Aim: a ball python (moderately wounded, constricting you, chance to defeat MR: 92%)
The ball python convulses in agony!
The ball python bites you.
* * * LOW HITPOINT WARNING * * *
x2 The ball python constricts you.
The ball python misses you.
* * * LOW HITPOINT WARNING * * *
The ball python constricts you.
Drink which item? (? for menu, Esc to quit)
Okay, then.
You tentacle-slap the ball python but do no damage.
Your grab misses the ball python.
The ball python is heavily wounded.
The ball python barely misses you.
* * * LOW HITPOINT WARNING * * *
The ball python constricts you.
Unknown command.
You tentacle-slap the ball python but do no damage.
You grab the ball python.
The ball python is heavily wounded.
You constrict the ball python. The ball python barely misses you.
You die...

.#..g .##
#).$.. ..# ##
K##).... .. ..
#g.#S...#.# .#
....#g.#.. .#
.....#.#.# .#
."....#..# .#
...##...####.#
#.....)S@>.#
........#######
......###
######


You could see a ball python.

Vanquished Creatures
  A dart slug (D:1)
  A giant cockroach (D:1)
  2 hobgoblins
  A bat (D:2)
  A rat (D:2)
6 creatures vanquished.

Notes
Turn   | Place    | Note
--------------------------------------------------------------
     0 | D:1      | M4edhros the Octopode Necromancer began the quest for the Orb.
     0 | D:1      | Reached XP level 1. HP: 11/11 MP: 3/3
    81 | D:1      | Reached skill level 1 in Unarmed Combat
   220 | D:2      | Reached XP level 2. HP: 11/17 MP: 3/5
   248 | D:1      | Slain by a ball python

Vault maps used:
D:1:      ncdulo_wetmaze, minmay_circled_x
D:2:      fedhas_altar_1

Skill      XL: |  1 |
---------------+----+-----
Unarmed Combat | 1 |  1.6
Dodging        | |  2.0
Stealth        | |  2.6
Spellcasting   | |  2.0
Necromancy     | |  4.0

Action                   || total
-------------------------++-------
Melee: Unarmed           ||     6
       Constrict         ||     2
       Tentacles         ||     1
 Cast: Pain              ||    13
Armor: Skin              ||     2
Dodge: Dodged            ||     4
